 Dungeon Crawl Stone Soup version 0.22-a0-159-g7ce444f (webtiles) character file.

9699 Azzok the Fighter (level 11, -3/76 HPs)
             Began as a Gargoyle Fighter on Feb 9, 2018.
             Was an Elder of Okawaru.
             Slain by Urug
             ... wielding a +3 battleaxe of chopping
              (6 damage)
             ... on level 10 of the Dungeon.
             The game lasted 00:23:15 (10606 turns).

Azzok the Fighter (Gargoyle Fighter)               Turns: 10606, Time: 00:23:16

Health: -3/76      AC: 21    Str: 24    XL:     11   Next: 50%
Magic:  18/19      EV: 15    Int:  8    God:    Okawaru [****..]
Gold:   146        SH:  0    Dex:  9    Spells: 10/10 levels left

rFire    . . .     SeeInvis .   a - +2 whip (elec)
rCold    . . .     Gourm    .   (no shield)
rNeg     + . .     Faith    .   N - +0 plate armour {MR+}
rPois    ∞         Spirit   .   (no helmet)
rElec    +         Reflect  .   (no cloak)
rCorr    .         Harm     .   (no gloves)
MR       +....                  (no boots)
Stlth    ..........             (no amulet)
HPRegen  0.22/turn              k - +6 ring of evasion
MPRegen  0.16/turn              (no ring)

@: heroism
A: negative energy resistance 1, electricity resistance, unbreathing,
petrification resistance, rot immunity, AC +8
a: Heroism, Renounce Religion


You were on level 10 of the Dungeon.
You worshipped Okawaru.
Okawaru was greatly pleased with you.
You were not hungry.

You visited 2 branches of the dungeon, and saw 11 of its levels.
You also visited: Sewer.

You collected 419 gold pieces.
You spent 273 gold pieces at shops.

Inventory:

Hand Weapons
 a - a +2 whip of electrocution (weapon)
 b - a +2 long sword of holy wrath
 I - a +0 longbow
Missiles
 q - 242 arrows
Armour
 c - a +0 shield
 N - a +0 plate armour of magic resistance (worn)
Jewellery
 k - a +6 ring of evasion (left hand)
 G - an uncursed ring of ice
 J - an uncursed ring of positive energy
 O - an uncursed ring of fire
Wands
 d - a wand of enslavement (16)
 C - a wand of acid (10)
 E - a wand of iceblast (16)
 M - a wand of digging (9)
Scrolls
 e - a scroll of immolation
 i - 5 scrolls of enchant armour {unknown}
 j - 3 scrolls of magic mapping {unknown}
 l - 4 scrolls of amnesia {unknown}
 m - 5 scrolls of teleportation {unknown}
 n - 8 scrolls of remove curse {unknown}
 s - a scroll of identify
 u - 2 scrolls of enchant weapon {unknown}
 y - a scroll of fear
 B - a scroll of blinking
 H - a scroll of summoning
Potions
 g - 5 potions of heal wounds {unknown}
 h - a potion of lignification {unknown}
 o - 4 potions of flight {unknown}
 p - 6 potions of curing {unknown}
 t - a potion of magic {unknown}
 v - a potion of mutation {unknown}
 x - 2 potions of agility
 z - 2 potions of brilliance {unknown}
 A - 6 potions of degeneration {unknown}
 D - a potion of invisibility {unknown}
 F - 2 potions of haste {unknown}
 L - a potion of ambrosia {unknown}
Books
 r - a book of Cantrips

   Spells                             Type                      Level
   a - Confusing Touch                Hexes                        1
   b - Animate Skeleton               Necromancy                   1
   c - Summon Small Mammal            Summoning                    1
   d - Apportation                    Translocation                1
 w - a book of Callings

   Spells                             Type                      Level
   a - Summon Small Mammal            Summoning                    1
   b - Call Imp                       Summoning                    2
   c - Call Canine Familiar           Summoning                    3
   d - Summon Guardian Golem          Hexes/Summoning              3
   e - Summon Lightning Spire         Summoning/Air                4
   f - Summon Ice Beast               Ice/Summoning                4
 P - a book of Conjurations

   Spells                             Type                      Level
   a - Magic Dart                     Conjuration                  1
   b - Searing Ray                    Conjuration                  2
   c - Dazzling Spray                 Conjuration/Hexes            3
   d - Fulminant Prism                Conjuration/Hexes            4
   e - Force Lance                    Conjuration/Translocation    4
   f - Iskenderun's Mystic Blast      Conjuration                  4
Comestibles
 f - 20 rations


   Skills:
 - Level 12.0(17.0) Fighting
 - Level 1.7(6.7) Long Blades
 + Level 9.6(14.6) Bows
 - Level 3.2(8.2) Armour
 - Level 3.2(8.2) Shields
 + Level 11.1 Invocations


You had 10 spell levels left.
You didn't know any spells.

Dungeon Overview and Level Annotations

Branches:
Dungeon (10/15)            Temple (1/1) D:6            Lair (0/6) D:10
    Orc: D:9-12

Altars:
Ashenzari
Cheibriados
Dithmenos
Elyvilon
Fedhas
Gozag
Hepliaklqana
Kikubaaqudgha
Makhleb
Nemelex Xobeh
Okawaru
Qazlal
Ru
Sif Muna
Trog
Uskayaw
Vehumet
Wu Jian
Xom
Yredelemnul
Zin
The Shining One

Shops:
D:5 (*

Annotations:
D:10 Urug


Innate Abilities, Weirdness & Mutations

You are resistant to torment.
Your stone body is resilient. (AC +8)
You are immune to poison.
You resist negative energy. (rN+)
You are resistant to electric shocks. (rElec)
You can survive without breathing.
You are immune to petrification.
You are immune to rotting.


Message History

Urug misses you.
You hit Urug.
Urug is lightly wounded.
Urug hits you with a battleaxe of chopping!
* * * LOW HITPOINT WARNING * * *
x2 You hit Urug.
Urug is lightly wounded.
You whack Urug!
Urug is moderately wounded.
Urug hits you but does no damage.
You barely miss Urug.
Urug is moderately wounded.
You hit Urug but do no damage. Lightning courses through Urug!
Urug is heavily wounded.
Urug hits you with a battleaxe of chopping!
* * * LOW HITPOINT WARNING * * *
x2 You hit Urug.
Lightning courses through Urug!
Urug is severely wounded.
Urug hits you with a battleaxe of chopping.
You die...

▒▒ ▒·· · ▒·· ·· ▒▒··▒▒╬▒▒▒▒·o·
▒······?······ ▒·············
▒············· ▒▒▒·o▒▒▒▒
▒····@··▒ ▒··▒·······▒
▒▒▒▒··▒▒▒▒▒▒··▒ ▒▒▒▒
·····▒····▒··▒ ╬···
·····▒····▒··▒ ▒···
▒▒▒▒▒▒▒▒▒··▒▒▒'▒▒··▒ ▒···
················▒··▒··· ╬···
················▒··▒··· ▒···
················▒··▒···▒▒▒▒▒▒▒···


You could see Urug.

Vanquished Creatures
  A centaur warrior (D:9)
  A two-headed ogre (D:9)
  A tengu warrior (D:9)
  The ghost of p0werm0de the Fighter, a novice VSCK of Cheibriados (D:8)
  A deep elf mage (D:9)
  A hornet (D:8)
  2 hippogriffs
  Prince Ribbit (D:9)
  Sigmund (D:2)
  A vampire (D:9)
  2 hungry ghosts
  A water moccasin (D:9)
  8 orc warriors
  3 ice beasts
  2 black bears
  2 sky beasts (D:5)
  2 necrophages
  A phantom (D:6)
  A hornet zombie (D:9)
  2 ogres
  3 centaurs
  A crocodile (D:8)
  4 big kobolds
  8 bullfrogs
  3 scorpions
  4 killer bees (D:9)
  6 wights (D:9)
  4 howler monkeys
  5 crimson imps
  2 centaur zombies (D:10)
  2 bullfrog zombies
  4 hounds
  3 jellies (D:9)
  2 centaur skeletons (D:7)
  11 orc wizards
  An iguana (D:6)
  10 worker ants
  A hound zombie (D:9)
  2 hound skeletons
  A worker ant zombie (D:3)
  11 adders
  6 gnolls
  A howler monkey skeleton (D:9)
  A river rat (Sewer)
  An ooze (D:4)
  An adder zombie (D:8)
  3 adder skeletons
  3 worms
  The ghost of p0werm0de the Skirmisher, a weakling FoCK of Xom (D:4)
  A dart slug (D:2)
  7 leopard geckos
  35 orcs
  9 giant cockroaches
  9 goblins
  7 hobgoblins
  8 jackals
  24 kobolds
  2 quokkas
  7 bats
  2 frilled lizards
  3 quokka skeletons
  7 rats
261 creatures vanquished.

Notes
Turn   | Place    | Note
-------+----------+-------------------------------------------
     0 | D:1      | Azzok the Gargoyle Fighter began the quest for the Orb.
     0 | D:1      | Reached XP level 1. HP: 14/14 MP: 1/1
   210 | D:1      | Reached XP level 2. HP: 20/20 MP: 2/2
   243 | D:1      | Reached skill level 4 in Fighting
  1006 | D:2      | Noticed Sigmund
  1013 | D:2      | Reached XP level 3. HP: 11/24 MP: 3/3
  1024 | D:2      | Killed Sigmund
  1024 | D:2      | Reached skill level 6 in Fighting
  1024 | D:2      | Reached XP level 4. HP: 5/32 MP: 4/4
  1024 | D:2      | Reached XP level 5. HP: 6/37 MP: 5/5
  1599 | D:2      | Found an ancient bone altar of Kikubaaqudgha.
  1599 | D:2      | Reached skill level 7 in Fighting
  1986 | D:2      | Reached XP level 6. HP: 40/44 MP: 6/6
  2899 | D:4      | Noticed p0werm0de's ghost (weakling FoCK)
  2901 | D:4      | Reached skill level 8 in Fighting
  2921 | D:4      | Killed p0werm0de's ghost
  3169 | D:4      | Reached XP level 7. HP: 49/50 MP: 7/7
  3600 | D:5      | Entered Level 5 of the Dungeon
  3656 | D:5      | Reached skill level 9 in Fighting
  3801 | D:5      | Found Fagiaczu's Weapon Boutique.
  3817 | D:5      | Reached skill level 10 in Fighting
  3969 | D:5      | Found Isexzat's Assorted Antiques.
  4362 | D:5      | Reached XP level 8. HP: 40/57 MP: 8/8
  4514 | D:6      | Reached skill level 11 in Fighting
  4630 | D:6      | Found a staircase to the Ecumenical Temple.
  4637 | Temple   | Entered the Ecumenical Temple
  4666 | Temple   | Became a worshipper of Warmaster Okawaru
  4756 | D:6      | Found a blossoming altar of Fedhas.
  4756 | D:6      | Found a bloodstained altar of Trog.
  4761 | D:6      | Found a hide-covered altar of Uskayaw.
  4763 | D:6      | Found a snail-covered altar of Cheibriados.
  4765 | D:6      | Found a shimmering altar of Xom.
  4858 | D:6      | Reached skill level 1 in Invocations
  4930 | D:6      | Found a glowing drain.
  4981 | Sewer    | Entered a sewer
  5108 | Sewer    | Found a white marble altar of Elyvilon.
  5266 | D:5      | Reached XP level 9. HP: 54/65 MP: 11/11
  5344 | D:5      | Reached * piety under Okawaru
  5344 | D:5      | Reached skill level 12 in Fighting
  5406 | D:5      | Bought a +2 whip of electrocution for 273 gold pieces
  5527 | D:6      | Reached skill level 1 in Bows
  5792 | D:7      | Reached skill level 5 in Invocations
  6310 | D:7      | Reached ** piety under Okawaru
  6718 | D:8      | Noticed p0werm0de's ghost (novice VSCK)
  6725 | D:8      | Killed p0werm0de's ghost
  6725 | D:8      | Reached skill level 5 in Bows
  6725 | D:8      | Reached XP level 10. HP: 71/71 MP: 15/15
  6919 | D:7      | Noticed a two-headed ogre
  7265 | D:8      | Reached *** piety under Okawaru
  7864 | D:8      | Found a shadowy altar of Dithmenos.
  8214 | D:9      | Noticed Prince Ribbit
  8224 | D:9      | Killed Prince Ribbit
  8669 | D:9      | Reached **** piety under Okawaru
  9028 | D:9      | Found a burning altar of Makhleb.
  9159 | D:9      | Noticed a centaur warrior
  9161 | D:9      | Reached XP level 11. HP: 60/76 MP: 18/18
  9166 | D:9      | Noticed a tengu warrior
  9174 | D:9      | Killed a centaur warrior
  9174 | D:9      | Received a gift from Okawaru
  9174 | D:9      | Reached skill level 10 in Invocations
  9189 | D:9      | Killed a tengu warrior
  9378 | D:9      | Noticed a deep elf mage
  9432 | D:9      | Killed a deep elf mage
  9661 | D:9      | Noticed a two-headed ogre
  9674 | D:9      | Killed a two-headed ogre
 10315 | D:10     | Entered Level 10 of the Dungeon
 10467 | D:10     | Found a staircase to the Lair.
 10589 | D:10     | Noticed Urug
 10605 | D:10     | HP: 3/76 [Urug/battleaxe of chopping (2)]
 10606 | D:10     | Slain by Urug

Vault maps used:
D:1:      minmay_arrival_up_and_down, serial_forest, infiniplex_forest_end_2,
          infiniplex_forest_straight_1, infiniplex_forest_lined_room_3,
          infiniplex_forest_side_room, infiniplex_forest_lined_corner,
          infiniplex_forest_straight_2, infiniplex_forest_clump_large,
          wad_floor_pattern_untrapped
D:2:      kiku_gazebo_pond_becter, uniq_sigmund
D:3:      serial_undead, serial_undead_e, serial_undead_c, serial_undead_c,
          serial_undead_f
D:4:      first_ration
D:5:      serial_shops, shop, shop
D:6:      chequers_temple_overflow_minitemple, temple_green,
          cheibrodos_sewer_entry_drain, kennysheep_generic_room_7
D:8:      grunt_dithmenos_smoke_and_mirrors, blue_anna_alchemist
D:9:      minmay_the_grid_4x2, minmay_misc_feat_ornament,
          makhleb_heckhound_becter, uniq_prince_ribbit1
D:10:     uniq_urug, uniq_fannar
Temple:   eino_wide_crystal_templ
Sewer:    sewer_kobolds

Skill      XL: |  1  2  3  4  5  6  7  8  9 10 11 |
---------------+----------------------------------+-----
Fighting       | 4 6 7 8 10 11 12 | 12.0
Invocations    | 3 7 9 11 | 11.1
Bows           | 5 8 9 |  9.6
Long Blades    | |  1.7
Armour         | |  3.2
Shields        | |  3.2

Action                   |  1- 3 |  4- 6 |  7- 9 | 10-12 || total
-------------------------+-------+-------+-------+-------++-------
Melee: Long sword        |    72 |   156 |   169 |       ||   397
       Dagger            |       |    60 |   224 |       ||   284
       Whip              |       |       |   216 |   482 ||   698
       Punch             |       |       |       |     1 ||     1
Invok: Heroism           |       |       |       |     6 ||     6
  Use: Potion            |     1 |       |       |     1 ||     2
       Scroll            |       |       |       |     7 ||     7
  Eat: Chunk             |       |     8 |    11 |    12 ||    31
       Ration            |       |       |     2 |     1 ||     3
Armor: Scale mail        |    44 |    67 |       |       ||   111
       Plate armour      |       |    14 |   426 |   249 ||   689
Dodge: Dodged            |    48 |   178 |   443 |   305 ||   974
       Rpst.: Long sword |    19 |    39 |    40 |       ||    98

Table legend:
 A = Spawn XP
 B = Non-spawn XP
 C = Spawn XP percentage of total XP
 D = Spawn monster count
 E = Non-spawn monster count
 F = Spawn count percentage of total count
 G = Total turns spent on level
                    A         B        C        D         E        F      G
               +---------+---------+-------+---------+---------+-------+---------
         Total |       0 |   13857 |   0.0 |       0 |     261 |   0.0 | 10606
               +---------+---------+-------+---------+---------+-------+---------
           D:1 |       0 |      33 |   0.0 |       0 |      19 |   0.0 |  1006
           D:2 |       0 |     314 |   0.0 |       0 |      24 |   0.0 |  1165
           D:3 |       0 |     129 |   0.0 |       0 |      24 |   0.0 |   648
           D:4 |       0 |     273 |   0.0 |       0 |      22 |   0.0 |   781
           D:5 |       0 |     802 |   0.0 |       0 |      11 |   0.0 |   895
           D:6 |       0 |    1125 |   0.0 |       0 |      34 |   0.0 |   925
           D:7 |       0 |    1302 |   0.0 |       0 |      26 |   0.0 |  1141
           D:8 |       0 |    2275 |   0.0 |       0 |      32 |   0.0 |  1333
           D:9 |       0 |    6786 |   0.0 |       0 |      55 |   0.0 |  2205
          D:10 |       0 |     699 |   0.0 |       0 |       5 |   0.0 |   291
         Sewer |       0 |     119 |   0.0 |       0 |       9 |   0.0 |   171
               +---------+---------+-------+---------+---------+-------+---------
